 Dungeon Crawl Stone Soup version 0.28.0-43-g3370ac3207 (webtiles) character file.

Game seed: 4618026159609422031

67 GreyFruit the Chopper (level 4, -1/41 HPs)
             Began as a Hill Orc Monk on Mar 14, 2022.
             Slain by Terence
             ... wielding a +0 hand axe
              (8 damage)
             ... on level 2 of the Dungeon.
             The game lasted 00:02:19 (2049 turns).

GreyFruit the Chopper (Hill Orc Monk)               Turns: 2049, Time: 00:02:20

Health: -1/41      AC:  2    Str: 15    XL:     4   Next: 16%
Magic:  4/4        EV: 16    Int: 10    God:
Gold:   102        SH:  0    Dex: 13    Spells: 3/3 levels left

rFire   . . .      SeeInvis .   a - +0 hand axe
rCold   . . .      Faith    .   (no shield)
rNeg    . . .      Spirit   .   b - +0 robe
rPois   .          Reflect  .   (no helmet)
rElec   .          Harm     .   (no cloak)
rCorr   .          Rampage  .   (no gloves)
Will    .....                   (no boots)
Stlth   ++........              (no amulet)
HPRegen 0.13/turn               g - +4 ring of evasion
MPRegen 0.09/turn               (no ring)

@: no status effects
A: no striking features
a: no special abilities


You were on level 2 of the Dungeon.
You visited 1 branch of the dungeon, and saw 2 of its levels.

You collected 102 gold pieces.

Inventory:

Hand Weapons
 a - a +0 hand axe (weapon)
Armour
 b - a +0 robe (worn)
Jewellery
 c - a ring of fire
 g - a +4 ring of evasion (left hand)
 l - an amulet of faith
Scrolls
 d - 3 scrolls of identify {unknown}
 j - a scroll of blinking {unknown}
Potions
 e - a potion of heal wounds {unknown}
 f - a potion of brilliance {unknown}
 h - 2 potions of attraction {unknown}
 i - a potion of haste
 k - a potion of degeneration {unknown}


   Skills:
 + Level 4.4 Fighting
 + Level 4.9 Axes
 + Level 3.0 Dodging
 - Level 2.0 Stealth


You had 3 spell levels left.
You didn't know any spells.
Your spell library was empty.

Dungeon Overview and Level Annotations

Branches:
Dungeon (2/15)

Altars:
Fedhas

Annotations:
D:2 Terence


Message History

You hit the kobold.
You kill the kobold!
You hit the endoplasm.
You kill the endoplasm!
No target in view!
HP restored.
Things that are here:
a +0 short sword; a kobold corpse Terence the Incautious comes into view.
He is wielding a +0 hand axe.
Terence is nearby!
Terence is nearby!
Found 14 bolts. 2 gnolls come into view.
A gnoll comes into view. It is wielding a +0 flail.
Terence shouts!
The gnoll shouts!
Terence drinks a potion.
Terence seems to speed up.
The gnoll shouts!
Terence misses you.
A goblin comes into view. It is wielding a +0 dagger.
Terence misses you.
You closely miss Terence. Terence misses you.
You hit Terence but do no damage. Terence hits you with a +0 hand axe.
The gnoll misses you. Terence closely misses you.
You barely miss Terence.
Something hits the plant.
The plant begins to die.
Terence barely misses you.
Something hits the plant.
You closely miss Terence. Terence barely misses you.
Terence hits you with a +0 hand axe.
Something hits the plant!
Terence hits you with a +0 hand axe!
Something hits the plant!
Terence bares his teeth.
The gnoll hits something with a +0 flail!
Terence misses you. Terence hits you with a +0 hand axe.
Terence hits you with a +0 hand axe.
* * * LOW HITPOINT WARNING * * *
Terence closely misses you. Terence hits you with a +0 hand axe.
* * * LOW HITPOINT WARNING * * *
There is a stone staircase leading up here.
Terence misses you. Terence hits you with a +0 hand axe!
You die...

#######.### .. #.##..
#.....#...## .# .. ###
#.......#..# .# #.
#......###.###.# ##
#......# #..[..#... #
#......###รท)........ #
#......##....(...... #....
###....##........... ###(.
###.###@.......... #.
#..####@......... ..
#......#...##.... .#
#.####g##### .... #)# #.##
###..# ###.# #..##.....# .
#.######...# ##g..........
#........### ##......P...
#######).########.###.PPP..


You could see Terence (fast).

Vanquished Creatures
  Jessica (D:2)
  2 dart slugs (D:1)
  5 bats (D:1)
  2 endoplasms
  2 giant cockroaches (D:1)
  3 goblins
  4 hobgoblins
  5 kobolds
  2 quokkas (D:1)
  3 ball pythons (D:1)
  4 rats
33 creatures vanquished.

Vanquished Creatures (others)
  A plant (D:2)
1 creature vanquished.

Grand Total: 34 creatures vanquished

Notes
Turn   | Place    | Note
-------+----------+-------------------------------------------
     0 | D:1      | GreyFruit the Hill Orc Monk began the quest for the Orb.
     0 | D:1      | Reached XP level 1. HP: 19/19 MP: 1/1
   480 | D:1      | Reached XP level 2. HP: 25/27 MP: 2/2
   863 | D:1      | Reached XP level 3. HP: 30/33 MP: 3/3
  1571 | D:2      | Found a blossoming altar of Fedhas.
  1642 | D:2      | Noticed Jessica
  1661 | D:2      | Killed Jessica
  1662 | D:2      | Reached XP level 4. HP: 5/41 MP: 4/4
  2026 | D:2      | Noticed Terence
  2049 | D:2      | Slain by Terence

Illustrated notes

Levels and vault maps discovered:
D:1:      scummos_arrival_simple_fountains, layout_basic,
          serial_co_window_serial, co_window_cross_1, co_window_paths_a,
          co_window_paths_a, co_window_corner_a, co_window_paths_b,
          co_window_broadway_c, co_window_of_opportunity_b, co_window_corner_cb,
          co_window_corner_b, glass_columns_a, glass_columns_b, glass_columns_b
D:2:      layout_rooms, basic_altar, nicolae_grassy_gnolls, uniq_terence,
          uniq_jessica

Skill      XL: |  1  2  3  4 |
---------------+-------------+-----
Fighting       | 4 |  4.4
Stealth        | 2 |  2.0
Dodging        | 3 |  3.0
Axes           | |  4.9

Action                   |  1- 3 |  4- 6 || total
-------------------------+-------+-------++-------
Melee: Hand axe          |   118 |    10 ||   128
       Punch             |     2 |       ||     2
 Stab: Sleeping          |     5 |       ||     5
Armor: Robe              |    15 |       ||    15
Dodge: Dodged            |    82 |    17 ||    99
